 Dungeon Crawl Stone Soup version 0.30.0-29-ga12c61a403 (webtiles) character file.

Game seed: 2161546046508418229

807 javelincjr the Magician (level 8, -8/58 HPs)
             Began as a Djinni Conjurer on June 14, 2023.
             Was a Priest of Lugonu.
             Mangled by a mummy (15 damage)
             ... in an ossuary.
             The game lasted 00:22:27 (3548 turns).

javelincjr the Magician (Djinni Conjurer)           Turns: 3548, Time: 00:22:27

Health: -8/58      AC:  3    Str:  5    XL:     8   Next: 14%
Gold:   312        EV: 13    Int: 27    God:    Lugonu [***...] SH:  0 Dex: 10

rFire   + + +        j - +2 whip (antimagic)
rCold   x . .        (no shield)
rNeg    + . .        a - +0 robe
rPois   ∞            (helmet restricted)
rElec   .            r - +0 cloak
rCorr   .            (no gloves)
SInv    .            (boots unavailable)
Will    .....        (no amulet)
Stlth   ++           i - ring of positive energy
HPRegen 0.29/turn    v - ring of protection from fire
MPRegen 0.00/turn

%: infuse magic (-9 HP)
@: flying
A: sickness immunity, fire resistance 2, cold vulnerability 1, float, innate
caster, HP casting, extra vitality 1, horns 1, clever 1
a: Renounce Religion, Depart the Abyss, Banish


You were in an ossuary.
You worshipped Lugonu.
Lugonu was most pleased with you.
You visited 1 branch of the dungeon, and saw 4 of its levels.
You also visited: Sewer and Ossuary.

You collected 312 gold pieces.

Inventory:

Hand Weapons
 b - a +1 mace of protection
 j - a +2 antimagic whip (weapon)
Missiles
 o - 2 curare-tipped darts
Armour
 a - a +0 robe (worn)
 r - a +0 cloak (worn)
Jewellery
 i - a ring of positive energy (left hand)
 v - a ring of protection from fire (right hand)
Scrolls
 c - a scroll of blinking {unknown}
 e - 5 scrolls of identify {unknown}
 g - a scroll of brand weapon {unknown}
 h - 2 scrolls of fear {unknown}
 k - 2 scrolls of fog {unknown}
 p - a scroll of butterflies {unknown}
 q - a scroll of enchant weapon {unknown}
 s - a scroll of magic mapping {unknown}
 t - 3 scrolls of immolation {unknown}
Potions
 d - 2 potions of might
 f - a potion of mutation
 l - a potion of haste {unknown}
 n - 2 potions of magic {unknown}
 u - a potion of berserk rage {unknown}
 w - a potion of degeneration {unknown}


   Skills:
 * Level 3.7 Fighting
 + Level 4.5 Dodging
 + Level 3.6 Stealth
 * Level 4.8 Spellcasting
 + Level 2.5 Invocations


You knew the following spells:

 Your Spells              Type           Power      Damage    Failure   Level
a - Magic Dart            Conj           100%       1d8       1%          1
b - Searing Ray           Conj           64%        2d6       1%          2
c - Dazzling Flash        Conj/Hex       64%        N/A       3%          3
d - Fulminant Prism       Conj/Hex       16%        3d10      10%         4
e - Iskenderun's Mystic   Conj/Tloc      32%        2d8       10%         4
f - Slow                  Hex            100%       N/A       1%          1
g - Scorch                Fire           64%        2d8       1%          2
h - Gell's Gravitas       Tloc           32%        N/A       3%          3
Your spell library was empty.

Dungeon Overview and Level Annotations

Branches:
Dungeon (4/15)             Temple (0/1) D:4           Sewer (visited)
Ossuary (1/1)

Altars:
Gozag
Makhleb
Qazlal
Wu Jian
Xom
Lugonu


Innate Abilities, Weirdness & Mutations

You are immune to sickness and miasma.
You are immune to poison.
Your flesh is very heat resistant. (rF++)
You are vulnerable to cold. (rC-)
You float through the air rather than walking.
You learn spells naturally, not from books.
Your magical power is your life essence.
You have superior vitality. (+4 MHP)
You have a pair of small horns on your head.
Your mind is acute. (Int +4, Str/Dex -1)


Message History

You hit the orc zombie.
You destroy the orc zombie!
Lugonu accepts your kill.
You barely miss the human zombie.
The human zombie is severely damaged.
The human zombie hits you.
You barely miss the human zombie. Your headbutt misses the human zombie.
The human zombie is severely damaged.
The human zombie hits you.
You whack the human zombie!
You destroy the human zombie!
Lugonu accepts your kill.
You whack the orc zombie!
The orc zombie is almost destroyed.
The orc zombie barely misses you.
You hit the orc zombie.
You destroy the orc zombie!
Lugonu accepts your kill.
You whack the elf zombie! You headbutt the elf zombie.
The elf zombie is moderately damaged.
You feel a little less mighty now. The elf zombie misses you.
You closely miss the elf zombie. Your headbutt misses the elf zombie.
The elf zombie is moderately damaged.
The elf zombie hits you.
You barely miss the elf zombie. You headbutt the elf zombie.
The elf zombie is moderately damaged.
You hit the mummy.
The mummy is moderately damaged.
You hit the mummy but do no damage.
The mummy is moderately damaged.
You hit the mummy.
You headbutt the mummy, but do no damage.
The mummy is moderately damaged.
The mummy hits you!
* * * LOW HITPOINT WARNING * * *
You hit the mummy. Your headbutt misses the mummy.
The mummy is heavily damaged.
The mummy hits you!
You die...

#################
.∩...........#?(# .
...........ZM@$#
.#####........Z####
..............Z...#
..................#
...........##.....#
...M.......##.....#
..................#
..................#
...............#..#


You could see a mummy, a goblin zombie, an elf zombie and a human zombie.

Vanquished Creatures
  The ghost of PerfectTommy the Sneak, an amateur VSBr (D:3)
  An ice beast (D:4)
  3 kobold brigands (Sewer)
  A jelly (D:3)
  A human zombie (Ossuary)
  A sleepcap (D:4)
  An iguana (D:4)
  A hound zombie (Ossuary)
  A mummy (Ossuary)
  8 adders
  7 river rats (Sewer)
  2 worms (D:3)
  7 dart slugs
  4 orcs
  10 ball pythons
  6 bats
  5 endoplasms
  A giant cockroach (D:1)
  7 goblins
  6 hobgoblins
  4 quokkas
  4 frilled lizards
  2 goblin zombies (Ossuary)
  A hobgoblin zombie (Ossuary)
  A jackal zombie (Ossuary)
  21 kobolds
  3 orc zombies (Ossuary)
  33 rats
143 creatures vanquished.

Notes
Turn   | Place    | Note
-------+----------+-------------------------------------------
     0 | D:1      | javelincjr the Djinni Conjurer began the quest for the Orb.
     0 | D:1      | javelincjr set off with the following spells memorised:
                  | Magic Dart, Searing Ray, Dazzling Flash, Fulminant Prism,
                  | Iskenderun's Mystic Blast.
     0 | D:1      | Reached XP level 1. HP: 15/15 MP: 0/0
   105 | D:1      | Reached XP level 2. HP: 5/21 MP: 0/0
   407 | D:1      | Reached XP level 3. HP: 25/25 MP: 0/0
   407 | D:1      | Learned a level 1 spell: Slow
   827 | D:2      | Reached XP level 4. HP: 28/31 MP: 0/0
  1176 | D:3      | Found a faded altar of an unknown god.
  1179 | D:3      | Prayed at the altar of an unknown god.
  1179 | D:3      | Became a worshipper of Lugonu the Unformed
  1179 | D:3      | Reached * piety under Lugonu
  1323 | D:3      | Found a glowing drain.
  1327 | Sewer    | Entered a sewer
  1408 | Sewer    | Reached XP level 5. HP: 30/36 MP: 0/0
  1408 | Sewer    | Learned a level 2 spell: Scorch
  1419 | Sewer    | Reached skill level 1 in Fighting
  1427 | Sewer    | Reached ** piety under Lugonu
  1520 | Sewer    | Noticed a kobold brigand
  1532 | Sewer    | Killed a kobold brigand
  1533 | Sewer    | Reached skill level 1 in Invocations
  1533 | Sewer    | Reached XP level 6. HP: 35/43 MP: 0/0
  1729 | Sewer    | Reached XP level 7. HP: 33/49 MP: 0/0
  1729 | Sewer    | Learned a level 3 spell: Gell's Gravitas
  1976 | Sewer    | Reached *** piety under Lugonu
  2248 | D:3      | Found a stormy altar of Qazlal.
  2534 | D:3      | Found a runed translucent gate.
  2534 | D:3      | Found a runed translucent gate.
  2534 | D:3      | Found an opulent altar of Gozag.
  2535 | D:3      | Found a runed translucent gate.
  2537 | D:3      | Noticed PerfectTommy's ghost (amateur VSBr)
  2554 | D:3      | HP: 2/49 [PerfectTommy's ghost (4)]
  2555 | D:3      | Killed PerfectTommy's ghost
  3107 | D:4      | Found a burning altar of Makhleb.
  3272 | D:4      | Found an ornate altar of the Wu Jian Council.
  3274 | D:4      | Found a shimmering altar of Xom.
  3335 | D:4      | Reached XP level 8. HP: 16/56 MP: 0/0
  3394 | D:4      | Found a staircase to the Ecumenical Temple.
  3495 | D:4      | Found a sand-covered staircase.
  3499 | Ossuary  | Entered an ossuary
  3509 | Ossuary  | Gained mutation: You have a pair of small horns on your
                  | head. [potion of mutation]
  3509 | Ossuary  | Gained mutation: Your mind is acute. (Int +4, Str/Dex -1)
                  | [potion of mutation]
  3548 | Ossuary  | Mangled by a mummy

Illustrated notes

Levels and vault maps discovered:
D:1:      lemuel_arrival_hallway, layout_basic
D:2:      layout_rooms, st_stairs_2
D:3:      layout_basic, amcnicky_altar_gilded,
          hellmonk_ecumenical_altar_inner_sanctum, gup_sewer_entry_spiral,
          ebering_ghost_gozag
D:4:      layout_loops_cross, nicolae_overflow_squiral,
          mainiacjoe_overflow_brackets, temple_hall, enter_ossuary_5
Ossuary:  ossuary_minmay_tomb_2a

Skill      XL: |  1  2  3  4  5  6  7 |
---------------+----------------------+-----
Stealth        | 2 3 |  3.6
Dodging        | 3 4 |  4.5
Fighting       | 1 2 3 |  3.7
Spellcasting   | 4 |  4.8
Invocations    | 1 2 |  2.5

Action                     |  1- 3 |  4- 6 |  7- 9 || total
---------------------------+-------+-------+-------++-------
  Melee: Whip              |       |    19 |    29 ||    48
         Headbutt          |       |       |     3 ||     3
         Punch             |       |       |     1 ||     1
   Cast: Magic Dart        |    66 |    57 |    68 ||   191
         Searing Ray       |       |     8 |    10 ||    18
         Scorch            |       |     5 |     6 ||    11
         Gell's Gravitas   |       |       |     1 ||     1
    Use: Potion            |       |       |     4 ||     4
   Stab: Sleeping          |       |     2 |     1 ||     3
 Armour: Robe              |     3 |     4 |    16 ||    23
  Dodge: Dodged            |     4 |    15 |    49 ||    68
